 Dungeon Crawl Stone Soup version 0.24-a0-458-gfcb5e6da0e (webtiles) character file.

Game seed: 574035401539363019

304 Craser22 the Cleaver (level 6, -1/76 HPs)
             Began as a Minotaur Berserker on June 27, 2019.
             Was a Believer of Trog.
             Slain by a wight
             ... wielding a +0 halberd
              (4 damage)
             ... on level 3 of the Dungeon.
             The game lasted 00:05:35 (2334 turns).

Craser22 the Cleaver (Minotaur Berserker)           Turns: 2334, Time: 00:05:35

Health: -1/76      AC:  6    Str: 26    XL:     6   Next: 15%
Magic:  5/5        EV: 10    Int:  4    God:    Trog [**....]
Gold:   75         SH:  0    Dex: 12    Spells: 5/5 levels left

rFire    . . .     SeeInvis .   a - +0 hand axe
rCold    . . .     Gourm    .   (no shield)
rNeg     . . .     Faith    .   q - +0 scale mail
rPois    .         Spirit   .   (helmet restricted)
rElec    .         Reflect  .   (no cloak)
rCorr    .         Harm     .   (no gloves)
MR       .....                  (no boots)
Stlth    ..........             (no amulet)
HPRegen  0.22/turn              (no ring)
MPRegen  0.09/turn              (no ring)

@: berserking, drained, very quick
A: retaliatory headbutt, horns 2
a: Berserk, Trog's Hand, Renounce Religion


You were on level 3 of the Dungeon.
You worshipped Trog.
Trog was pleased with you.
You were very hungry.

You visited 1 branch of the dungeon, and saw 3 of its levels.

You collected 75 gold pieces.


Innate Abilities, Weirdness & Mutations

You reflexively headbutt those who attack you in melee.
You have a pair of horns on your head.


   Skills:
 - Level 3.6(2.5) Fighting
 + Level 8.4(7.2) Axes
 - Level 2.4(1.4) Armour
 - Level 2.1(1.1) Dodging


You had 5 spell levels left.
You didn't know any spells.
Your spell library was empty.

Inventory:

Hand Weapons
 a - a +0 hand axe (weapon)
Missiles
 d - 97 stones (quivered)
 g - 5 boomerangs
Armour
 e - a +1 pair of gloves
 j - a scarf of spirit shield
 q - a +0 scale mail (worn)
Scrolls
 i - a scroll of immolation {unknown}
 l - a scroll of remove curse {unknown}
 n - a scroll of amnesia {unknown}
 o - a scroll of identify {unknown}
 p - 2 scrolls of enchant armour {unknown}
Potions
 k - a potion of curing {unknown}
 m - a potion of might {unknown}
Comestibles
 c - 6 rations
 f - 8 chunks of flesh

Dungeon Overview and Level Annotations

Branches:
Dungeon (3/15)

Altars:
Gozag
Nemelex Xobeh

▒▒▒ ▒...▒.. ▒.▒
▒.....▒ ▒.▒ ▒..▒▒.▒
▒.▒ ▒...▒▒.▒ ▒.▒ ▒..▒
▒.[▒ ▒?▒ ..▒ ▒.▒▒ ▒.▒
. ▒.▒ ▒.▒ ▒▒.▒
▒H▒▒▒▒▒▒▒▒▒ ▒..▒ ▒▒▒▒▒
▒z▒▒......▒▒▒▒.▒▒
▒.....▒.z.......▒....▒
....(..........>..▒▒▒▒
................▒▒▒
...z>...........▒
................▒
...............▒▒
...............▒


You could see 2 wights.


Message History

You headbutt the wight.
The wight is heavily damaged.
The wight hits you from afar with a +0 halberd.
* * * LOW HITPOINT WARNING * * *
You feel drained.
You closely miss the wight. Your headbutt misses the wight.
The wight is heavily damaged.
The wight hits you with a +0 trident.
* * * LOW HITPOINT WARNING * * *
You feel drained.
You hit the wight.
The wight is heavily damaged.
The wight misses you.
You hit the wight. You headbutt the wight.
You destroy the wight!
Trog accepts your kill.
You have reached level 6!
Your experience leads to an increase in your attributes!
Your base attributes are Str 21, Int 4, Dex 11.
Increase (S)trength, (I)ntelligence, or (D)exterity?
You feel agile.
You are too berserk!
You slash the wight! Your headbutt misses the wight.
The wight is severely damaged.
The wight barely misses you.
The wight hits you from afar with a +0 halberd.
You die...

Action                   |  1- 3 |  4- 6 || total
-------------------------+-------+-------++-------
Melee: Hand axe          |   100 |    42 ||   142
       Headbutt          |    15 |     5 ||    20
Invok: Berserk           |       |     2 ||     2
  Eat: Chunk             |     2 |     3 ||     5
Armor: Animal skin       |    12 |       ||    12
       Leather armour    |    10 |     3 ||    13
Dodge: Dodged            |    58 |    23 ||    81

Levels and vault maps discovered:
D:1:      roderic_chinese_lattice_arrival, layout_basic, minmay_misc_feat_tower
D:2:      layout_loops_cross, grunt_temple_overflow_opulence
D:3:      layout_rooms, first_ration

Notes
Turn   | Place    | Note
-------+----------+-------------------------------------------
     0 | D:1      | Craser22 the Minotaur Berserker began the quest for the
                  | Orb.
     0 | D:1      | Reached XP level 1. HP: 19/19 MP: 0/0
    66 | D:1      | Reached skill level 4 in Axes
   362 | D:1      | Reached XP level 2. HP: 26/26 MP: 1/1
  1094 | D:2      | Reached skill level 5 in Axes
  1174 | D:2      | Reached XP level 3. HP: 31/31 MP: 2/2
  1279 | D:2      | Reached ** piety under Trog
  1678 | D:2      | Found an opulent altar of Gozag.
  1679 | D:2      | Found a sparkling altar of Nemelex Xobeh.
  1683 | D:2      | Reached skill level 6 in Axes
  1683 | D:2      | Reached XP level 4. HP: 38/39 MP: 3/3
  1825 | D:2      | Noticed an ogre
  1833 | D:2      | Killed an ogre
  1833 | D:2      | Reached skill level 7 in Axes
  1833 | D:2      | Reached XP level 5. HP: 35/45 MP: 4/4
  2327 | D:3      | Reached skill level 8 in Axes
  2330 | D:3      | HP: 6/67 [wight/+0 halberd (5)]
  2331 | D:3      | HP: 2/67 [wight/+0 trident (4)]
  2333 | D:3      | Reached XP level 6. HP: 3/51 MP: 5/5
  2334 | D:3      | Slain by a wight

Vanquished Creatures
  An ogre (D:2)
  3 wights (D:3)
  2 adders (D:2)
  3 oozes
  2 dart slugs (D:1)
  2 leopard geckos
  A ball python (D:2)
  A giant cockroach (D:2)
  7 hobgoblins
  7 jackals
  8 kobolds
  A quokka (D:2)
  4 bats
  8 frilled lizards
  6 goblins
  4 rats
60 creatures vanquished.
